 Dungeon Crawl Stone Soup version 0.29.1-12-g30fa7ad0bf (webtiles) character file.

Game seed: 2708005815756348960

133 FaviusArthum the Conjurer (level 4, -1/24 HPs)
             Began as a Deep Elf Conjurer on Jan 12, 2023.
             Slain by a gnoll
             ... wielding a +0 whip
             ... led by a gnoll bouda
              (3 damage)
             ... on level 4 of the Dungeon.
             The game lasted 00:15:36 (4429 turns).

FaviusArthum the Conjurer (Deep Elf Conjurer)       Turns: 4429, Time: 00:15:38

Health: -1/24      AC:  4    Str:  4    XL:     4   Next: 93%
Magic:  10/12      EV: 12    Int: 25    God:
Gold:   217        SH:  0    Dex: 13    Spells: 4/11 levels left

rFire   . . .      SeeInvis .   v - +3 flail
rCold   . . .      Faith    .   (no shield)
rNeg    . . .      Spirit   .   a - +0 robe
rPois   .          Reflect  .   m - +2 hat
rElec   .          Harm     .   (no cloak)
rCorr   .          Rampage  .   (no gloves)
Will    .....                   (no boots)
Stlth   ++........              (no amulet)
HPRegen 0.08/turn               (no ring)
MPRegen 0.13/turn               (no ring)

@: no status effects
A: no striking features
a: no special abilities


You were on level 4 of the Dungeon.
You visited 1 branch of the dungeon, and saw 4 of its levels.

You collected 217 gold pieces.

Inventory:

Hand Weapons
 c - a +0 dagger
 q - a +1 flail of protection
 u - a +0 halberd
 v - a +3 flail (weapon)
Missiles
 t - 6 atropa-tipped darts
Armour
 a - a +0 robe (worn)
 m - a +2 hat (worn)
Magical Staves
 f - a staff of cold
 i - a staff of death
Scrolls
 e - a scroll of noise
 h - a scroll of blinking {unknown}
 j - 2 scrolls of vulnerability
 k - a scroll of immolation {unknown}
 l - a scroll of poison
 n - a scroll of magic mapping
 o - a scroll of enchant weapon {unknown}
 r - a scroll of silence {unknown}
 s - 2 scrolls of enchant armour {unknown}
Potions
 b - 3 potions of magic
 g - a potion of flight {unknown}
 p - 2 potions of lignification {unknown}


   Skills:
 + Level 2.6 Dodging
 + Level 3.0 Stealth
 + Level 4.2 Spellcasting
 + Level 6.1 Conjurations


You had 4 spell levels left.
You knew the following spells:

 Your Spells              Type           Power      Damage    Failure   Level
a - Magic Dart            Conj           100%       1d8       1%          1
b - Searing Ray           Conj           72%        2d7       1%          2
c - Fulminant Prism       Conj/Hex       10%        3d9       26%         4

Your spell library contained the following spells:

 Spells                   Type           Power      Damage    Failure   Level
 Dazzling Flash           Conj/Hex       40%        N/A       8%          3
 Iskenderun's Mystic Bla  Conj/Tloc      20%        2d6       26%         4


Dungeon Overview and Level Annotations

Branches:
Dungeon (4/15)
 Temple: D:4-7

Altars:
Nemelex Xobeh

Shops:
D:1 !*(


Message History

The gnoll hits you from afar with a +0 halberd.
The gnoll bouda barks out a call to the hunt!
The gnoll closely misses you. The gnoll barely misses you.
You open the door.
The gnoll bouda gazes fiercely through you!
You feel your attacks grow feeble.
The gnoll hits you from afar with a +0 halberd.
Found 3 stones.
The gnoll is no longer moving quickly.
There is an open door here.
The gnoll hits you with a +0 whip.
Your attacks no longer feel as feeble.
The gnoll bouda barks out a call to the hunt!
The gnolls pick up the pace!
The gnoll hits you with a +0 whip. The gnoll attacks as you move away!
The gnoll hits you with a +0 whip.
The gnoll shouts!
The gnoll attacks as you move away! The gnoll hits you with a +0 whip.
The gnoll closely misses you.
You see here an orb of mayhem.
The gnoll barely misses you. The gnoll attacks as you move away!
The gnoll hits you but does no damage. The gnoll attacks as you move away!
The gnoll misses you. The gnoll hits you with a +0 whip.
* * * LOW HITPOINT WARNING * * *
The gnoll barely misses you.
There is an open door here.
The gnoll is no longer moving quickly.
An orc comes into view. It is wielding a +3 whip of venom.
The gnoll attacks as you move away! The gnoll closely misses you.
Casting: Magic Dart (safe; 1% risk of failure)
Confirm with . or Enter, or press ? or * to list all spells.
Aiming: Magic Dart (safe; 1% risk of failure)
Press: ? - help, Shift-Dir - straight line, f/p - gnoll
Aim: a gnoll, wielding a +0 halberd (covering ground quickly, 100% to hit)
The magic dart hits the gnoll.
The gnoll is heavily wounded.
The gnoll hits you with a +0 whip.
You die...

#....g....#
#g####....#.#
#.####...[..####
#.#............#
#.#........###.#
#.'........# .#
###........# .#
#........###.##.##
#.....gg.gg@.....#
#........###.#####
#....(...# ...
##########
########## #....
.........#
..........###..
.....o.# #.! .....
#####gg .....
#(..#g. #.<.#?⌠


You could see a gnoll bouda, 3 gnolls and an orc.

Vanquished Creatures
  3 adders
  4 gnolls (D:3)
  2 dart slugs
  An orc (D:3)
  6 endoplasms
  3 giant cockroaches
  8 goblins
  4 hobgoblins
  4 jackals (D:3)
  4 quokkas
  5 ball pythons (D:1)
  3 bats
  4 frilled lizards
  6 kobolds
  3 rats
60 creatures vanquished.

Vanquished Creatures (others)
  A butterfly (D:4)
1 creature vanquished.

Grand Total: 61 creatures vanquished

Notes
Turn   | Place    | Note
-------+----------+-------------------------------------------
     0 | D:1      | FaviusArthum the Deep Elf Conjurer began the quest for the
                  | Orb.
     0 | D:1      | Reached XP level 1. HP: 10/10 MP: 6/6
    38 | D:1      | Found Hyghoilu's Distillery.
    39 | D:1      | Found a faded altar of an unknown god.
   286 | D:1      | Reached XP level 2. HP: 15/15 MP: 4/8
   289 | D:1      | Learned a level 2 spell: Searing Ray
   494 | D:1      | Found Yreneil's Weapon Boutique.
   568 | D:1      | Reached skill level 5 in Conjurations
  1037 | D:1      | Found Eciowycs's General Store.
  1142 | D:2      | Found a sparkling altar of Nemelex Xobeh.
  1178 | D:2      | Reached XP level 3. HP: 19/19 MP: 3/9
  2390 | D:3      | Reached XP level 4. HP: 24/24 MP: 4/11
  2585 | D:2      | Learned a level 4 spell: Fulminant Prism
  3234 | D:3      | Reached skill level 6 in Conjurations
  4429 | D:4      | Slain by a gnoll

Illustrated notes

Levels and vault maps discovered:
D:1:      lightli_molten_gateway, layout_rooms, serial_shops, shop, shop_statue,
          nicolae_shop_behind_doors, basic_ecumenical_altar
D:2:      layout_rooms, basic_altar, minmay_fountain_box,
          minmay_misc_feat_hallway, minmay_quadrilaterals
D:3:      layout_rooms
D:4:      layout_basic, nicolae_elyvilon_peaceful_grove, serial_shops,
          nicolae_shop_waterfront, nicolae_elevator_lobby_plus

Skill      XL: |  1  2  3  4 |
---------------+-------------+-----
Conjurations   | 5 6 |  6.1
Stealth        | 3 |  3.0
Spellcasting   | 4 |  4.2
Dodging        | |  2.6

Action                   |  1- 3 |  4- 6 || total
-------------------------+-------+-------++-------
Melee: Dagger            |     7 |       ||     7
       Flail             |       |     3 ||     3
 Cast: Magic Dart        |    69 |    40 ||   109
       Searing Ray       |     3 |    12 ||    15
  Use: Scroll            |       |     6 ||     6
 Stab: Sleeping          |     1 |       ||     1
Armor: Robe              |     1 |     8 ||     9
Dodge: Dodged            |     7 |    24 ||    31
